 Dungeon Crawl Stone Soup version 0.26-a0-639-g72c4674329 (webtiles) character file.

Game seed: 17140851633557070300

248276 Flugslaktarn the Warrior (level 18, -9/179 HPs)
             Began as a Minotaur Fighter on Sept 20, 2020.
             Was a Priest of Uskayaw.
             Killed from afar by a shadow dragon (20 damage)
             ... with a bolt of negative energy
             ... on level 4 of the Depths.
             The game lasted 00:20:30 (31811 turns).

Flugslaktarn the Warrior (Minotaur Fighter)        Turns: 31811, Time: 00:20:31

Health: -9/179     AC: 30    Str: 27    XL:     18   Next: 35%
Magic:  26/26      EV: 11    Int:  4    God:    Uskayaw [***...]
Gold:   1380       SH: 15    Dex: 20    Spells: 17/17 levels left

rFire    + + .     SeeInvis .   a - +7 broad axe (freeze)
rCold    + . .     Faith    .   O - +0 kite shield
rNeg     . . .     Spirit   .   H - +0 crystal plate armour
rPois    +         Reflect  .   (helmet restricted)
rElec    +         Harm     .   m - scarf {rC+ rF+}
rCorr    +         Rampage  .   y - +2 pair of gloves
MR       ++...                  K - +2 pair of boots
Stlth    ..........             F - amulet "Vyffis" {RegenMP +Blink +Inv rElec MR+ Slay-2}
HPRegen  0.39/turn              o - ring of poison resistance
MPRegen  0.45/turn              L - ring of Makhleb's Esteem {rPois rF+ rCorr Int-3 Dex+10}

@: silence, drained
A: retaliatory headbutt, horns 2
}: 3/15 runes: serpentine, barnacled, abyssal
a: Renounce Religion, Evoke Blink, Evoke Invisibility


You were on level 4 of the Depths.
You worshipped Uskayaw.
Uskayaw was pleased with you.
You visited 7 branches of the dungeon, and saw 34 of its levels.
You visited the Abyss 1 time.
You also visited: Sewer and Gauntlet.

You collected 2713 gold pieces.
You spent 1333 gold pieces at shops.

Inventory:

Hand Weapons
 a - a +7 broad axe of freezing (weapon)
   (You took it off an orc warrior on level 15 of the Dungeon)
 b - a +0 whip of distortion
   (You took it off an orc on level 2 of the Orcish Mines)
Missiles
 g - 7 throwing nets (quivered)
Armour
 m - a scarf of resistance (worn)
   (You found it on level 9 of the Dungeon)
 y - a +2 pair of gloves (worn)
   (You found it on level 9 of the Dungeon)
 H - a +0 crystal plate armour (worn)
   (You found it on level 12 of the Dungeon)
 K - a +2 pair of boots (worn)
   (You bought it in a shop on level 6 of the Dungeon)
 O - a +0 kite shield (worn)
Jewellery
 i - an uncursed ring of see invisible
   (You took it off a centaur on level 4 of the Shoals)
 o - a ring of poison resistance (left hand)
   (You found it on level 12 of the Dungeon)
 F - the amulet "Vyffis" (around neck) {RegenMP +Blink +Inv rElec MR+ Slay-2}
   (You found it on level 11 of the Dungeon)

   [amulet of magic regeneration]

   It increases your magic regeneration.
   It affects your accuracy and damage with ranged weapons and melee attacks
   (-2).
   It insulates you from electricity.
   It affects your resistance to hostile enchantments.
   It lets you turn invisible.
   It lets you blink.
 G - the macabre finger necklace {rN+}
   (You found it on level 12 of the Dungeon)

   [amulet of nothing]

   It protects you from negative energy.
 I - an uncursed amulet of the acrobat
   (You found it on level 13 of the Dungeon)
 L - the ring of Makhleb's Esteem (right hand) {rPois rF+ rCorr Int-3 Dex+10}
   (You found it on level 13 of the Dungeon)

   [ring of resist corrosion]

   It affects your intelligence (-3).
   It affects your dexterity (+10).
   It protects you from fire.
   It protects you from poison.
   It provides partial protection from all sources of acid and corrosion.
Wands
 k - a wand of enslavement (75)
   (You found it on level 8 of the Dungeon)
 v - a wand of paralysis (8)
   (You found it on level 15 of the Dungeon)
 C - a wand of iceblast (33)
   (You took it off a centaur on level 9 of the Dungeon)
 N - a wand of digging (3)
   (You found it on level 10 of the Dungeon)
 R - a wand of acid (6)
   (You took it off a naga sharpshooter on level 3 of the Snake Pit)
Scrolls
 e - 3 scrolls of fog
 r - a scroll of identify
 s - 3 scrolls of summoning
 t - 10 scrolls of teleportation
 x - 14 scrolls of remove curse
 z - a scroll of blinking
 A - 2 scrolls of magic mapping
 J - 5 scrolls of fear
Potions
 c - 2 potions of mutation
 d - 8 potions of might
 f - a potion of invisibility
 h - 2 potions of haste
 j - 2 potions of cancellation
 l - 5 potions of magic
 n - 2 potions of resistance
 q - a potion of curing
 u - 2 potions of lignification
 B - 3 potions of ambrosia
 D - 2 potions of berserk rage
 E - a potion of flight


   Skills:
 * Level 20.3(18.7) Fighting
 - Level 18.0(16.4) Axes
 + Level 15.3(13.8) Armour
 + Level 11.2(9.9) Dodging
 - Level 15.0(13.5) Shields
 + Level 12.7(11.3) Invocations


You had 17 spell levels left.
You didn't know any spells.
Your spell library was empty.

Dungeon Overview and Level Annotations

Branches:
Dungeon (15/15)            Temple (1/1) D:4            Lair (4/6) D:11
 Shoals (4/4) Lair:4        Snake (4/4) Lair:2          Orc (2/2) D:12
    Elf (0/3) Orc:2        Vaults (0/5) D:14         Depths (4/5) D:15
  Sewer (visited)         Gauntlet (visited)

Altars:
Ashenzari
Cheibriados
Dithmenos
Elyvilon
Gozag
Hepliaklqana
Kikubaaqudgha
Makhleb
Nemelex Xobeh
Okawaru
Qazlal
Ru
Sif Muna
Trog
Uskayaw
Vehumet
Wu Jian
Xom
Yredelemnul
Zin
The Shining One
Beogh
Lugonu

Shops:
D:4 (*(}   D:6 [   D:8 [!*   D:10 :   Orc:2 }?!!

Portals:
Hell: Depths:1 Depths:3
Pandemonium: Depths:1
Ziggurat: Depths:4
Trove: D:15 (give 6 scrolls of fear)

Annotations:
D:4 3 runed translucent doors, Caleiyous's ghost, amateur GrFi
D:5 exclusion: door


Innate Abilities, Weirdness & Mutations

You reflexively headbutt those who attack you in melee.
You have a pair of horns on your head.


Message History

* * * LOW HITPOINT WARNING * * *
You closely miss the lich. Your headbutt misses the lich.
You block the lich's attack.
You slice the lich!! You freeze the lich.
The lich is moderately damaged.
The lich touches you but does no damage.
Uskayaw will force your foes to helplessly watch your dance.
You slice the lich!!
The lich is heavily damaged.
You hit the lich but do no damage.
The lich is heavily damaged.
The lich touches you but does no damage.
You barely miss the lich.
You headbutt the lich, but do no damage.
The lich is heavily damaged.
The shadow dragon breathes negative energy at you.
The bolt of negative energy hits the lich.
The lich completely resists.
The bolt of negative energy hits you!!
You feel drained.
You die...

#...^.. ##..... .. ####......
... #.....D### #.###
##########......#....... .#
###...##........).#.#.#.#.#.#
#<.......#####.().#.........
###...#### #..L(#.#.#.#.#
##### ###@)[(...$...
#..#.#.#.#.#.# ###
#..#p°☼○°....#
###...###†.#D#○#°#.#.
#......[...#.○°°.....#
#.#...#....#####.#####
#...#......# .# #..###.....#
. ..##c##....# #X


You could see a shadow dragon (catching breath) and a lich.

Vanquished Creatures
  A juggernaut (Abyss:3)
  Nikola (Shoals:3)
  A tentacled monstrosity (Depths:4)
  A sphinx (Depths:4)
  A tengu reaver (Depths:4)
  10 nagarajas
  A fire giant (Depths:1)
  Aizul (Snake:2)
  An angel (Abyss:3)
  A stone giant (shapeshifter) (D:15)
  2 ophanim (Abyss:3)
  7 very ugly things
  3 stone giants
  2 vampire knights (Depths:4)
  Nessos (Lair:4)
  A minotaur (Gauntlet)
  A blizzard demon (Gauntlet)
  3 merfolk javelineers (Shoals:4)
  An ettin (Depths:1)
  5 merfolk impalers
  A rakshasa (D:15)
  A yaktaur captain (Depths:3)
  An ice dragon (Depths:4)
  8 naga warriors
  A monstrous demonspawn (Depths:1)
  5 hydras
  A catoblepas (Lair:2)
  A spriggan air mage (Depths:4)
  10 anacondas
  4 merfolk avatars
  Erica (D:8)
  4 merfolk aquamancers
  A death knight (D:13)
  2 dancing weapons (Abyss:3)
  5 death yaks (Lair:4)
  5 deep troll shamans
  12 two-headed ogres
  4 orc high priests (Orc:2)
  2 ogre magi
  A satyr (Shoals:3)
  2 thrashing horrors (Abyss:3)
  10 naga sharpshooters
  2 shock serpents (Snake:4)
  3 deep troll earth magi
  2 skeletal warriors (D:13)
  2 iron trolls (Depths:3)
  An infernal demonspawn (Depths:1)
  2 cherubim (Abyss:3)
  A salamander mystic (Snake:4)
  12 sea snakes
  5 wizards
  2 unseen horrors
  2 naga ritualists
  A shadow demon (Depths:1)
  A torturous demonspawn (Depths:1)
  12 deep trolls
  3 glowing orange brains
  A phantasmal warrior (D:13)
  3 orc knights
  15 harpies
  2 necromancers
  4 mana vipers
  3 deep elf magi
  5 salamanders
  3 fauns (Shoals:3)
  2 orc sorcerers
  3 cyclopes
  A large abomination (Abyss:3)
  17 ugly things
  5 manticores
  7 merfolk sirens
  14 black mambas
  6 guardian serpents
  11 naga magi
  Psyche (D:9)
  2 gargoyles
  5 water nymphs
  3 spectral swamp worms (Depths:1)
  5 cane toads
  A rime drake (Lair:4)
  2 kobold demonologists (D:11)
  2 komodo dragons
  2 yaktaurs
  2 freezing wraiths
  An ice devil (Gauntlet)
  A red devil (Depths:1)
  A tengu conjurer (Depths:4)
  31 merfolk
  A polar bear (Lair:3)
  A troll (shapeshifter) (Depths:3)
  6 trolls
  A hornet (D:10)
  5 wind drakes (Shoals:4)
  4 blink frogs (Lair:3)
  A harpy zombie (D:14)
  Grinder (D:5)
  7 dream sheep
  10 hippogriffs
  17 slime creatures
  5 snapping turtles
  5 raiju
  2 centaur simulacra (D:15)
  A spriggan (shapeshifter) (D:15)
  A ynoxinul (Abyss:3)
  A wyvern (D:14)
  10 water elementals
  4 wraiths
  2 fire elementals (D:15)
  19 yaks
  A basilisk (D:15)
  A human (shapeshifter) (Depths:4)
  Grum (D:10)
  A golden eye (shapeshifter) (D:13)
  2 vampire mosquitoes (D:15)
  44 nagas
  2 wargs (Orc:2)
  A warg (shapeshifter) (D:15)
  An acid dragon (D:14)
  3 soldier ants
  9 water moccasins
  Purgy (Sewer)
  8 porcupines
  A black bear (D:11)
  26 orc warriors
  6 sky beasts
  8 ice beasts
  An eye of draining (D:10)
  2 phantoms
  A hornet zombie (D:7)
  13 wolves
  12 ogres
  18 centaurs
  4 boggarts (D:15)
  4 crocodiles
  3 big kobolds
  18 bullfrogs
  A gnoll sergeant (D:7)
  A wyvern zombie (D:14)
  4 scorpions
  3 killer bees (D:11)
  7 wights
  3 howler monkeys
  An electric eel (Lair:3)
  4 centaur zombies
  A lava snake (Lair:3)
  3 bullfrog zombies
  5 jellies
  3 quasits
  A centaur skeleton (D:10)
  A wyvern simulacrum (D:10)
  9 hounds
  29 orc priests
  3 bullfrog skeletons
  24 orc wizards
  Terence (D:2)
  6 hell rats (Lair:3)
  8 iguanas
  A lightning spire (Gauntlet)
  9 worker ants
  A hound skeleton (D:10)
  4 gnolls
  A howler monkey skeleton (D:10)
  12 adders
  10 river rats (Lair:3)
  6 white imps
  A worker ant simulacrum (D:10)
  3 ufetubi
  6 oozes
  An adder zombie (D:6)
  An adder skeleton (D:4)
  4 worms
  A dart slug (D:5)
  4 leopard geckos
  91 orcs
  7 giant cockroaches
  A goblin (D:1)
  4 hobgoblins
  6 jackals
  6 quokkas
  3 bats
  A frilled lizard (D:2)
  18 kobolds
  A leopard gecko zombie (D:6)
  A quokka skeleton (D:7)
  A quokka zombie (D:5)
  16 rats
974 creatures vanquished.

Vanquished Creatures (others)
  A quokka (D:6)
  9 fungi
  27 plants
37 creatures vanquished.

Grand Total: 1011 creatures vanquished

Notes
Turn   | Place    | Note
-------+----------+-------------------------------------------
     0 | D:1      | Flugslaktarn the Minotaur Fighter began the quest for the
                  | Orb.
     0 | D:1      | Reached XP level 1. HP: 19/19 MP: 0/0
    79 | D:1      | Found a glowing golden altar of the Shining One.
   191 | D:1      | Reached XP level 2. HP: 27/27 MP: 1/1
   192 | D:1      | Reached skill level 4 in Fighting
   350 | D:2      | Noticed Terence
   432 | D:2      | Killed Terence
   432 | D:2      | Reached XP level 3. HP: 16/34 MP: 2/2
   754 | D:4      | Found a runed translucent gate.
   754 | D:4      | Found a runed translucent gate.
   754 | D:4      | Found a runed translucent gate.
   754 | D:4      | Noticed Caleiyous's ghost (amateur GrFi)
   757 | D:4      | Found a staircase to the Ecumenical Temple.
   784 | Temple   | Entered the Ecumenical Temple
   939 | Temple   | Became a worshipper of Uskayaw the Reveler
   994 | D:4      | Reached * piety under Uskayaw
  1299 | D:4      | Reached XP level 4. HP: 40/41 MP: 3/3
  1365 | D:4      | Found an iron altar of Okawaru.
  1382 | D:4      | Found Cirruss's Gadget Emporium.
  1389 | D:4      | Noticed a bullfrog
  1391 | D:4      | Noticed an ice beast
  1393 | D:4      | Reached ** piety under Uskayaw
  1396 | D:4      | Killed a bullfrog
  1396 | D:4      | Reached skill level 5 in Fighting
  1396 | D:4      | Reached XP level 5. HP: 48/48 MP: 4/4
  1399 | D:4      | Reached *** piety under Uskayaw
  1405 | D:4      | Reached **** piety under Uskayaw
  1409 | D:4      | Killed an ice beast
  1409 | D:4      | Reached skill level 1 in Invocations
  1551 | D:4      | Found Baukip's Weapon Shop.
  1665 | D:4      | Found Tevyizes's Antique Weapon Shoppe.
  1670 | D:4      | Noticed a phantom
  1721 | D:4      | Killed a phantom
  1721 | D:4      | Reached XP level 6. HP: 39/57 MP: 4/6
  1816 | D:4      | Found Daegilos's Assorted Antiques.
  2002 | D:5      | Entered Level 5 of the Dungeon
  2226 | D:5      | Reached skill level 5 in Axes
  2298 | D:5      | Found an ornate altar of the Wu Jian Council.
  2366 | D:5      | Reached skill level 6 in Fighting
  2590 | D:5      | Noticed Grinder
  2600 | D:5      | Killed Grinder
  2600 | D:5      | Reached skill level 5 in Armour
  2600 | D:5      | Reached skill level 5 in Shields
  2600 | D:5      | Reached XP level 7. HP: 44/64 MP: 7/7
  2857 | D:5      | Found a shimmering blue altar of Sif Muna.
  3347 | D:5      | Reached skill level 7 in Fighting
  3384 | D:5      | Reached XP level 8. HP: 69/73 MP: 9/9
  3890 | D:6      | Found a white marble altar of Elyvilon.
  3911 | D:6      | Found Lasom's Antique Armour Emporium.
  4048 | D:6      | Found a glowing drain.
  4053 | Sewer    | Entered a sewer
  4056 | Sewer    | Noticed Purgy
  4064 | Sewer    | Killed Purgy
  4064 | Sewer    | Reached skill level 8 in Fighting
  4212 | D:6      | Found a shattered altar of Ashenzari.
  4531 | D:4      | Bought a runed war axe for 208 gold pieces
  4864 | D:7      | Reached XP level 9. HP: 82/82 MP: 10/10
  5789 | D:7      | Reached skill level 9 in Fighting
  5889 | D:8      | Found Xeopike's Antique Armour Emporium.
  5939 | D:8      | Found Hugyuhul's Distillery.
  6118 | D:8      | Found Ypyussu's General Store.
  6121 | D:8      | Bought 3 scrolls of enchant weapon for 270 gold pieces
  6300 | D:8      | Noticed Erica
  6309 | D:8      | Killed Erica
  6636 | D:8      | Reached skill level 10 in Fighting
  6654 | D:8      | Reached skill level 5 in Invocations
  6654 | D:8      | Reached XP level 10. HP: 83/93 MP: 12/12
  7477 | D:9      | Reached skill level 10 in Axes
  7536 | D:9      | Found a shadowy altar of Dithmenos.
  7537 | D:9      | Found a bloodstained altar of Trog.
  7571 | D:9      | Noticed Psyche
  7579 | D:9      | Killed Psyche
  8267 | D:10     | Entered Level 10 of the Dungeon
  8556 | D:10     | Noticed Grum
  8566 | D:10     | Reached ***** piety under Uskayaw
  8569 | D:10     | Reached skill level 11 in Fighting
  8571 | D:10     | Reached ****** piety under Uskayaw
  8573 | D:10     | Killed Grum
  8996 | D:10     | Reached XP level 11. HP: 72/102 MP: 10/14
  9434 | D:10     | Found Faczouq's Book Shoppe.
  9692 | D:11     | Noticed a sun demon
  9968 | D:11     | Found a staircase to the Lair.
 10318 | D:11     | Reached skill level 12 in Fighting
 10958 | D:11     | Got a scorched pewter amulet
 11106 | D:12     | Identified the amulet "Vyffis" {RegenMP +Blink +Inv rElec
                  | MR+ Slay-2} (You found it on level 11 of the Dungeon)
 11143 | D:12     | Found a roughly hewn altar of Beogh.
 11144 | D:12     | Found a staircase to the Orcish Mines.
 11559 | D:12     | Noticed a deep elf mage
 11566 | D:12     | Killed a deep elf mage
 11685 | D:12     | Found the macabre finger necklace {rN+}
 12118 | D:4      | Bought a knobbly diamond ring for 160 gold pieces
 12118 | D:4      | Bought an encrusted granite ring for 160 gold pieces
 12122 | D:4      | Bought a scroll of enchant armour for 240 gold pieces
 12162 | D:6      | Bought a pair of boots for 135 gold pieces
 12393 | D:13     | Noticed an orc knight
 12408 | D:13     | Killed an orc knight
 12565 | D:13     | Got a scorched granite ring
 12572 | D:13     | Noticed a white ugly thing
 12583 | D:13     | Killed a white ugly thing
 12847 | D:13     | Noticed a death knight
 12847 | D:13     | Noticed a skeletal warrior
 12847 | D:13     | Noticed a phantasmal warrior
 12847 | D:13     | Noticed a skeletal warrior
 12859 | D:13     | Killed a death knight
 12859 | D:13     | Reached XP level 12. HP: 76/113 MP: 16/16
 12861 | D:13     | Reached skill level 13 in Fighting
 13088 | D:13     | Noticed a two-headed ogre
 13093 | D:13     | Killed a two-headed ogre
 13093 | D:13     | Reached skill level 10 in Shields
 13094 | D:13     | Reached skill level 10 in Armour
 13832 | D:14     | Noticed a seven-headed hydra
 13841 | D:14     | Killed a ten-headed hydra
 14268 | D:14     | Noticed a two-headed ogre
 14277 | D:14     | Reached skill level 14 in Fighting
 14279 | D:14     | Killed a two-headed ogre
 14385 | D:14     | Found a gate to the Vaults.
 14407 | D:14     | Reached XP level 13. HP: 124/124 MP: 18/18
 14633 | D:14     | Found an opulent altar of Gozag.
 15109 | D:15     | Entered Level 15 of the Dungeon
 15151 | D:15     | Found a portal to a secret trove of treasure.
 15395 | D:14     | Identified the ring of Makhleb's Esteem {rPois rF+ rCorr
                  | Int-3 Dex+10} (You found it on level 13 of the Dungeon)
 16149 | D:15     | Reached skill level 15 in Fighting
 16298 | D:15     | Noticed a golden dragon
 16300 | D:15     | Noticed a shadow dragon
 16300 | D:15     | a golden dragon changed into a shadow dragon
 16301 | D:15     | Noticed an iron dragon
 16301 | D:15     | a shadow dragon changed into an iron dragon
 16302 | D:15     | Noticed a golden dragon
 16302 | D:15     | an iron dragon changed into a golden dragon
 16305 | D:15     | Noticed a sphinx
 16305 | D:15     | a golden dragon changed into a sphinx
 16308 | D:15     | Noticed a stone giant
 16308 | D:15     | a sphinx changed into a stone giant
 16315 | D:15     | Killed a stone giant
 16598 | D:15     | Reached skill level 15 in Axes
 16850 | D:15     | Found a staircase to the Depths.
 16959 | Orc:1    | Entered Level 1 of the Orcish Mines
 17192 | Orc:2    | Entered Level 2 of the Orcish Mines
 17372 | Orc:2    | Found a staircase to the Elven Halls.
 17600 | Orc:2    | Reached XP level 14. HP: 135/135 MP: 19/19
 18093 | Orc:2    | Found Qoumizeu's Magic Scroll Shoppe.
 18093 | Orc:2    | Found Qimeesh's Gadget Shoppe.
 18095 | Orc:2    | Found Luehuywn's Distillery.
 18149 | Orc:2    | Found Ybraon's Distillery.
 18213 | Orc:2    | Bought a potion of haste for 160 gold pieces
 18972 | Lair:1   | Entered Level 1 of the Lair of Beasts
 19082 | Lair:1   | Found a gate leading to a gauntlet.
 19091 | Gauntlet | Entered a Gauntlet
 19091 | Gauntlet | Found a transporter.
 19091 | Gauntlet | Found a transporter.
 19100 | Gauntlet | Found a transporter.
 19110 | Gauntlet | Found a transporter.
 19125 | Gauntlet | Found a transporter.
 19135 | Gauntlet | Found a transporter.
 19150 | Gauntlet | Found a transporter.
 19152 | Gauntlet | Found a large runed translucent door.
 19153 | Gauntlet | Found a large runed translucent door.
 19154 | Gauntlet | Found a large runed translucent door.
 19154 | Gauntlet | Found a large runed translucent door.
 19155 | Gauntlet | Found a runed translucent gate.
 19156 | Gauntlet | Found a transporter.
 19156 | Gauntlet | Found a runed translucent gate.
 19157 | Gauntlet | Found a runed translucent gate.
 19158 | Gauntlet | Found a large runed translucent door.
 19158 | Gauntlet | Found a large runed translucent door.
 19159 | Gauntlet | Found a large runed translucent door.
 19160 | Gauntlet | Found a large runed translucent door.
 19170 | Gauntlet | Found a large runed translucent door.
 19170 | Gauntlet | Found a large runed translucent door.
 19170 | Gauntlet | Found a runed translucent door.
 19170 | Gauntlet | Found a runed translucent door.
 19171 | Gauntlet | Found a large runed translucent door.
 19172 | Gauntlet | Found a large runed translucent door.
 19178 | Gauntlet | Found a transporter.
 19181 | Gauntlet | Found a large runed translucent door.
 19181 | Gauntlet | Found a large runed translucent door.
 19182 | Gauntlet | Found a large runed translucent door.
 19183 | Gauntlet | Found a large runed translucent door.
 19209 | Gauntlet | Found a transporter.
 19209 | Gauntlet | Found a transporter.
 19212 | Gauntlet | Found a transporter.
 19414 | Gauntlet | Got a pair of shimmering boots
 19509 | Gauntlet | Got a scorched hand axe
 19510 | Gauntlet | Identified the +3 hand axe of Regicide {vorpal, rF+ Str+4
                  | Stlth+} (You found it in a Gauntlet)
 20066 | Lair:2   | Found a staircase to the Snake Pit.
 20268 | Lair:2   | Reached skill level 16 in Fighting
 21698 | Lair:4   | Reached skill level 5 in Dodging
 21974 | Lair:4   | Found a staircase to the Shoals.
 22085 | Lair:4   | Noticed Nessos
 22101 | Lair:4   | Killed Nessos
 22568 | Snake:1  | Entered Level 1 of the Snake Pit
 22655 | Snake:2  | Reached skill level 10 in Invocations
 22655 | Snake:2  | Reached XP level 15. HP: 139/145 MP: 21/21
 22663 | Snake:2  | Noticed Aizul
 22669 | Snake:2  | Killed Aizul
 22775 | Snake:2  | Noticed a nagaraja
 22784 | Snake:2  | Killed a nagaraja
 22989 | Snake:3  | Found a shimmering altar of Xom.
 23215 | Snake:4  | Entered Level 4 of the Snake Pit
 23241 | Snake:3  | Noticed a nagaraja
 23252 | Snake:3  | Killed a nagaraja
 23696 | Snake:3  | Got an ancient chain mail
 23707 | Snake:3  | Identified the +8 chain mail of Gyseolan {Int+5} (You found
                  | it on level 3 of the Snake Pit)
 23787 | Snake:3  | Identified the cursed +0 pair of boots of Guzaima {rElec
                  | rF- rCorr Int-5} (You found it in a Gauntlet)
 24275 | Snake:4  | Reached skill level 17 in Fighting
 24372 | Snake:4  | Noticed a nagaraja
 24372 | Snake:4  | Noticed a nagaraja
 24380 | Snake:4  | Killed a nagaraja
 24380 | Snake:4  | Killed a nagaraja
 24645 | Snake:4  | Noticed a nagaraja
 24668 | Snake:4  | Killed a nagaraja
 24684 | Snake:4  | Reached XP level 16. HP: 89/155 MP: 23/23
 25820 | Snake:4  | Got a serpentine rune of Zot
 26055 | Shoals:1 | Entered Level 1 of the Shoals
 26094 | Shoals:1 | Reached skill level 18 in Fighting
 27311 | Shoals:4 | Entered Level 4 of the Shoals
 27329 | Shoals:4 | Identified the +10 mace "Xag Afowo" {vamp, *Rage +Inv rF+}
 27365 | Shoals:3 | Noticed Nikola
 27816 | Shoals:3 | Killed Nikola
 27995 | Shoals:3 | Reached XP level 17. HP: 108/166 MP: 24/24
 29204 | Shoals:4 | Got a barnacled rune of Zot
 29304 | Shoals:1 | Reached skill level 19 in Fighting
 29324 | Lair:4   | Cast into level 3 of the Abyss (unwielding a weapon of
                  | distortion)
 29328 | Abyss:3  | Found a corrupted altar of Lugonu.
 29416 | Abyss:3  | Found a glowing golden altar of the Shining One.
 29558 | Abyss:3  | Noticed a juggernaut
 29574 | Abyss:3  | Killed a juggernaut
 29574 | Abyss:3  | Reached skill level 10 in Dodging
 29587 | Abyss:3  | Got an abyssal rune of Zot
 29620 | Lair:4   | Escaped the Abyss
 30006 | Depths:1 | Entered Level 1 of the Depths
 30103 | Depths:1 | Found a corrupted altar of Lugonu.
 30168 | Depths:1 | Found a gateway to Hell.
 30191 | Depths:1 | Found a one-way gate leading to the halls of Pandemonium.
 30501 | Depths:3 | Reached XP level 18. HP: 106/178 MP: 26/26
 30510 | Depths:3 | Reached skill level 15 in Armour
 30512 | Depths:3 | Reached skill level 15 in Shields
 30852 | Depths:3 | Reached skill level 20 in Fighting
 31382 | Depths:4 | Noticed a tentacled monstrosity
 31413 | Depths:4 | Killed a tentacled monstrosity
 31422 | Depths:4 | Noticed a tentacled monstrosity
 31772 | Depths:4 | Paralysed by something for 3 turns
 31789 | Depths:4 | Found a gateway to a ziggurat.
 31811 | Depths:4 | Killed from afar by a shadow dragon

Illustrated notes

Levels and vault maps discovered:
D:1:      erik_arrival_orb_chamber, layout_basic, minivault_24, tso_metal_star
D:2:      layout_basic, nicolae_overflow_crystal_walls,
          chequers_serial_rivers_small_a, uniq_terence
D:3:      layout_basic
D:4:      layout_basic, kennysheep_okawaru_gauntlet, minmay_temple_entry_wispy,
          gammafunk_ghost_nasty_kobolds, serial_shops, shop, shop_fountains,
          shop, shop
D:5:      minmay_polygon_palace, layout_layer_cave, lemuel_crystal_altar,
          led_sif_book, uniq_grinder
D:6:      layout_rooms, elyvilon_altar_4, lemuel_doored_altar, serial_shops,
          shop, gup_sewer_entry_bowl
D:7:      layout_basic, grunt_ogre_cave
D:8:      layout_loops_ring, serial_shops, kennysheep_mini_moat,
          nicolae_shop_overgrown_old_shop, nicolae_shop_crystal, uniq_erica
D:9:      layout_irregular_city, chequers_temple_overflow_statue_of_worship,
          uniq_psyche
D:10:     layout_stronghold, serial_ice, serial_ice_h, serial_ice_n,
          serial_ice_c, serial_ice_g, serial_shops, shop_statue,
          minmay_strange_pillars, hangedman_little_slice_of_home, uniq_grum
D:11:     layout_basic, lair_entry_dummy, minivault_25
D:12:     layout_roguey, david_orc_5
D:13:     layout_gridville
D:14:     layout_cave_pods, david_vaults_1, nicolae_gozag_seed_capital,
          evilmike_butchery
D:15:     gammafunk_enter_depths_forms, layout_rooms, nicolae_lava_and_water,
          enter_trove_1
Temple:   eino_narrow_crystal_temple
Lair:1:   layout_big_grid, gauntlet_entry_generic, beast_lair_carwin_9
Lair:2:   layout_cave_pods, dummy_snake_entry
Lair:3:   lemuel_ratsnest, layout_gridlike
Lair:4:   layout_misc_corridors, elwin_shoals_entry_stream, grunt_megastairs_4,
          uniq_nessos
Shoals:1: layout_shoals, nicolae_shoals_water_elemental_grotto
Shoals:2: layout_shoals
Shoals:3: layout_shoals, uniq_nikola
Shoals:4: shoals_end_simple, layout_shoals, serial_shops,
          nicolae_shop_behind_doors
Snake:1:  gammafunk_the_bubble [the_bubble_gammafunk_split], layout_chambers
Snake:2:  layout_rooms, fake_guardian_serpent_vault, uniq_aizul
Snake:3:  layout_cave_pods, basic_altar, corexii_hall_statues_l
Snake:4:  grunt_snake_rune_pools, layout_onion_interference,
          grunt_ministairs_11, nicolae_large_snake_swirl
Orc:1:    layout_caves, mines1_david
Orc:2:    st_orc_mages, layout_caves
Depths:1: layout_roguey, rand_demon_pan_entry_3, moated_statue,
          pf_hell_entry_tar_river, abyss_entry_flame_altar,
          kennysheep_opposing_triangles
Depths:2: kennysheep_big_flooded_room, layout_long_grid,
          grunt_hell_entry_dis_mu, kennysheep_big_empty_room,
          grunt_megastairs_3, infiniplex_staircase_zigzag_2
Depths:3: minmay_shrinking_squares, layout_cave_pools, rand_demon_pan_entry_4,
          hangedman_decor_growths, hell_entry, minmay_misc_feat_pillars
Depths:4: minmay_the_grid_4x2 [minmay_the_grid_minigrid_small_alt,
          minmay_the_grid_zigzag_pyramid, minmay_the_grid_outer_diamond,
          minmay_the_grid_minigrid_small, minmay_the_grid_airy,
          minmay_the_grid_square_x, minmay_the_grid_dragon_a,
          minmay_the_grid_prize_four_corners_diamond_b], layout_cross,
          enter_ziggurat_f, abyss_entry, serial_bayou_pond_a, serial_shops,
          statue_bzr, hell_entry, grunt_ministairs_12,
          minmay_guarded_unrand_vampires_tooth, firewood_loft,
          infiniplex_staircase_pillars_1

Skill      XL: |  1  2  3  4  5  6  7  8  9 10 11 12 13 14 15 16 17 18 |
---------------+-------------------------------------------------------+-----
Fighting       | 4 5 6 7 8 10 11 12 14 15 16 17 18 19 20 | 20.3
Axes           | 3 4 5 6 8 9 11 12 13 15 16 17 18 | 18.0
Armour         | 4 5 6 7 8 9 10 11 12 13 14 15 | 15.3
Shields        | 4 5 6 7 8 9 10 11 12 13 14 15 | 15.0
Invocations    | 1 2 3 5 6 7 8 9 10 11 12 | 12.7
Dodging        | 6 7 9 10 11 | 11.2

Action                   |  1- 3 |  4- 6 |  7- 9 | 10-12 | 13-15 | 16-18 || total
-------------------------+-------+-------+-------+-------+-------+-------++-------
Melee: War axe           |    69 |    85 |   284 |   545 |   405 |       ||  1388
       Headbutt          |    15 |    11 |    42 |   111 |   252 |   228 ||   659
       Unarmed           |     1 |       |       |       |       |       ||     1
       Broad axe         |       |       |       |       |   507 |   751 ||  1258
Invok: Stomp             |       |       |       |       |     3 |       ||     3
       Line Pass         |       |       |       |       |     1 |       ||     1
       Grand Finale      |       |       |       |       |       |     3 ||     3
Evoke: Wand              |       |       |       |     2 |       |     2 ||     4
  Use: Potion            |     1 |       |       |     2 |     1 |     6 ||    10
       Scroll            |       |       |    12 |    10 |    17 |    12 ||    51
 Stab: Paralysed         |       |     1 |    17 |    68 |   145 |   120 ||   351
       Confused          |       |       |       |       |     1 |       ||     1
Armor: Scale mail        |    11 |       |       |       |       |       ||    11
       Chain mail        |    17 |    45 |   124 |   162 |       |       ||   348
       Crystal plate arm |       |       |       |    88 |   399 |   347 ||   834
Dodge: Dodged            |    11 |    16 |    58 |   109 |   204 |   217 ||   615
Block: Kite shield       |    43 |    36 |   119 |   279 |   512 |   436 ||  1425

Table legend: (Time is in decaauts)
 A = Elapsed time spent in this place.
 B = Non-inter-level travel time spent in this place.
 C = Inter-level travel time spent in this place.
 D = Time resting spent in this place.
 E = Time spent auto-exploring this place.
 F = Levels seen in this place.
 G = Mean time per level.
                   A        B        C        D        E       F      G
               +--------+--------+--------+--------+--------+-----+--------+
         Total |  31674 |  29411 |   2263 |   5309 |  18751 |  37 |  856.1 |
       Dungeon |  17105 |  15733 |   1372 |   1504 |  11699 |  15 | 1140.3 |
        Temple |    163 |    150 |     13 |      0 |    148 |   1 |  163.0 |
          Lair |   3481 |   3051 |    430 |    149 |   2454 |   4 |  870.2 |
        Shoals |   3283 |   3129 |    154 |   1532 |    834 |   4 |  820.8 |
     Snake Pit |   3331 |   3155 |    176 |    550 |   2017 |   4 |  832.8 |
  Orcish Mines |   1725 |   1640 |     85 |    357 |    929 |   2 |  862.5 |
        Depths |   1742 |   1713 |     29 |    974 |    413 |   4 |  435.5 |
         Abyss |    271 |    271 |      0 |     90 |      0 |   1 |  271.0 |
         Sewer |    135 |    135 |      0 |      0 |     91 |   1 |  135.0 |
      Gauntlet |    435 |    435 |      0 |    153 |    166 |   1 |  435.0 |
               +--------+--------+--------+--------+--------+-----+--------+

Top non-repeatable levels by time:
    D:14: 2045 daAuts
 Snake:4: 1987 daAuts
     D:5: 1907 daAuts
   Orc:2: 1559 daAuts
    D:11: 1491 daAuts
    D:10: 1473 daAuts
     D:8: 1441 daAuts
    D:15: 1416 daAuts
    D:13: 1284 daAuts
Shoals:3: 1184 daAuts
     D:7: 1178 daAuts
  Lair:4: 1149 daAuts
     D:9: 1118 daAuts
Shoals:4: 1117 daAuts
    D:12: 1025 daAuts
